AoeStats
← rope031

Oasis

508936409Analyzed
2v2 RM · 9d ago on Sep 24, 2026· 27m 20s· 4 players
Game mode
Random Map
Map size
Medium (4 player)
Population
200
Speed
Normal
Resources
Standard
Victory
Conquest
Starting age
Dark Age
Ending age
Imperial Age
RankedLock teamsTeams togetherTeam positionsShared explorationLock speedFull tech treeHidden civsTurbo modeCheats
Victory
Defeat
🇭🇰 Armenians · Hong Kong SAR China
953
+15
🇩🇪 Goths · Germany
890
+17
🇩🇪 Turks · Germany
928
-16
🇩🇪 Franks · Germany
925
-16
Reliquiensammler_Amboss
3:16 Loom
10:24 Feudal Age
21:03 Castle Age
20:06 Scale Barding Armor
21:51 Husbandry
24:16 Forging
45erKasper
2:13 Loom
10:37 Feudal Age
11:40 Double-Bit Axe
11:49 Horse Collar
13:27 Wheelbarrow
17:31 Bloodlines
20:06 Town Watch
21:00 Forging
20:26 Man-at-Arms
21:59 Arson
26:31 Castle Age
26:48 Scale Mail Armor
27:16 Heavy Plow
27:27 Bow Saw
27:46 Chain Mail Armor
rope031
0:37 Loom
12:30 Feudal Age
14:08 Man-at-Arms
22:33 Castle Age
22:21 Double-Bit Axe
松本一香
6:31 Loom
9:15 Feudal Age
9:43 Double-Bit Axe
9:43 Horse Collar
10:31 Man-at-Arms
13:33 Long Swordsman
14:18 Arson
17:37 Forging
17:45 Scale Mail Armor
21:26 Gold Mining
23:43 Castle Age
23:50 Two-Handed Swordsman
24:31 Squires
24:16 Gambesons
25:30 Bow Saw
26:20 Chain Mail Armor
27:19 Iron Casting
Connection lost

Rejoining the realm…

Still unreachable

The connection could not be restored.

Session expired

The server has moved on; the page needs a fresh start.